 Dungeon Crawl Stone Soup version 0.27-a0-1140-g099f9bb0e8 (webtiles) character file.

Game seed: 10629686134073682707

217 ReteAZ the Magician (level 5, -2/40 HPs)
             Began as a Djinni Fire Elementalist on May 9, 2021.
             Killed from afar by an orc wizard (6 damage)
             ... with a magic dart
             ... on level 3 of the Dungeon.
             The game lasted 00:04:09 (3559 turns).

ReteAZ the Magician (Djinni Fire Elementalist)      Turns: 3559, Time: 00:04:10

Health: -2/40      AC:  3    Str:  7    XL:     5   Next: 94%
Gold:   126        EV: 12    Int: 17    God:
                   SH:  0    Dex: 14

rFire    + + .     SeeInvis .   h - staff of conjuration
rCold    x . .     Faith    .   (no shield)
rNeg     . . .     Spirit   .   a - +0 robe
rPois    ∞         Reflect  .   (no helmet)
rElec    .         Harm     .   (no cloak)
rCorr    .         Rampage  .   q - +0 pair of gloves
Will     .....                  (boots unavailable)
Stlth    ++........             i - amulet of the acrobat
HPRegen  0.13/turn              (no ring)
MPRegen  0.00/turn              (no ring)

@: flying
A: sickness immunity, fire resistance 2, cold vulnerability 1, float, innate
caster, hp casting, extra vitality 1
a: no special abilities


You were on level 3 of the Dungeon.
You visited 1 branch of the dungeon, and saw 4 of its levels.

You collected 126 gold pieces.

Inventory:

Hand Weapons
 c - a +0 hand axe
Armour
 a - a +0 robe (worn)
 b - a +0 cloak
 q - a +0 pair of gloves (worn)
Magical Staves
 h - a staff of conjuration (weapon)
Jewellery
 i - an amulet of the acrobat (around neck)
Scrolls
 l - a scroll of enchant weapon {unknown}
 m - a scroll of brand weapon {unknown}
 n - 2 scrolls of identify {unknown}
 p - a scroll of magic mapping {unknown}
Potions
 d - a potion of berserk rage {unknown}
 e - a potion of lignification {unknown}
 f - 2 potions of curing {unknown}
 g - a potion of magic {unknown}
 j - a potion of flight {unknown}
 k - a potion of might {unknown}
 o - a potion of heal wounds {unknown}


   Skills:
 + Level 2.9 Fighting
 - Level 2.1 Dodging
 - Level 1.5 Stealth
 * Level 4.7 Spellcasting


You couldn't memorise any spells.
You knew the following spells:

 Your Spells              Type           Power      Damage    Failure   Level
a - Foxfire               Conj/Fire      100%       2x1d9     1%          1
b - Conjure Flame         Conj/Fire      30%        6-21      6%          3
c - Inner Flame           Hex/Fire       20%        N/A       6%          3
d - Sticky Flame          Conj/Fire      30%        2d5       21%         4
e - Fireball              Conj/Fire      15%        3d8       50%         5
f - Animate Skeleton      Necr           40%        N/A       1%          1
g - Ensorcelled Hibernat  Hex/Ice        40%        N/A       3%          2
Your spell library was empty.

Dungeon Overview and Level Annotations

Branches:
Dungeon (4/15)
 Temple: D:4-7

Altars:
Trog
Vehumet


Innate Abilities, Weirdness & Mutations

You are immune to sickness and miasma.
You are immune to poison.
Your flesh is very heat resistant. (rF++)
You are vulnerable to cold. (rC-)
You float through the air rather than walking.
You learn spells naturally, not from books.
Your magical power is your life essence.
You have superior vitality. (+4 HP)


Message History

Something hits you but does no damage.
You feel a surge of power!
Nothing appears to happen.
The foxfire hits something. x2
You hear some strange, mumbled words.
A puff of flame appears from out of thin air!
The puff of flame hits you. You resist. Something hits you.
You are too injured to fight recklessly!
You are too injured to fight recklessly!
Casting: Foxfire (safe; 1% risk of failure)
Confirm with . or Enter, or press ? or * to list all spells.
You feel a surge of power!
You conjure some foxfire!
Something hits you. x2
Casting: Foxfire (safe; 1% risk of failure)
Confirm with . or Enter, or press ? or * to list all spells.
You feel a surge of power!
Nothing appears to happen.
The foxfire hits something. x2; Something hits you.
Something hits you but does no damage.
Casting: Foxfire (safe; 1% risk of failure)
Confirm with . or Enter, or press ? or * to list all spells.
You feel a surge of power!
You conjure some foxfire!
* * * LOW HITPOINT WARNING * * *
You hear some strange, mumbled words.
Something tries to affect you, but you resist.
You hear some strange, mumbled words.
Something tries to affect you, but you resist.
Casting: Foxfire (safe; 1% risk of failure)
Confirm with . or Enter, or press ? or * to list all spells.
You feel a surge of power!
Nothing appears to happen.
* * * LOW HITPOINT WARNING * * *
The foxfire hits something!
The foxfire hits something.
Something hits you.
* * * LOW HITPOINT WARNING * * *
Something hits you.
* * * LOW HITPOINT WARNING * * *
Casting: Foxfire (safe; 1% risk of failure)
Confirm with . or Enter, or press ? or * to list all spells.
You feel a surge of power!
You conjure some foxfire!
* * * LOW HITPOINT WARNING * * *
You hear some strange, mumbled words.
A magic dart appears from out of thin air!
The magic dart hits you.
You die...

#####.##......###########.##..#
####........###....### #.###..
.............#####...## ###.# ###
#....##.####.#######..###...# #
..#####.# #.....# ##..##.### #
### #.# #####.# ##..#.## #.# #.#
##....######
#######.########{########........
##...##........{@v...............
........########v####.#####.....#
.......## #..###.# ##....#
....<..# ##.##..# ###......
.......# #.....# #.......#
......## ####..###.......#
##....# ###.......##....#
###.#.###########.)..#.#.###....#
#.#......##.)..........########


There were no monsters in sight!

Vanquished Creatures
  A black bear (D:2)
  3 gnolls (D:3)
  3 adders
  A worm (D:2)
  An orc (D:3)
  5 endoplasms
  4 giant cockroaches
  2 goblins
  6 hobgoblins
  4 jackals (D:4)
  6 quokkas
  5 ball pythons
  4 bats
  6 frilled lizards
  7 kobolds
  8 rats
66 creatures vanquished.

Vanquished Creatures (others)
  252 foxfires
252 creatures vanquished.

Grand Total: 318 creatures vanquished

Notes
Turn   | Place    | Note
-------+----------+-------------------------------------------
     0 | D:1      | ReteAZ the Djinni Fire Elementalist began the quest for the
                  | Orb.
     0 | D:1      | Reached XP level 1. HP: 15/15 MP: 0/0
   340 | D:1      | Reached skill level 3 in Spellcasting
   340 | D:1      | Reached XP level 2. HP: 9/22 MP: 0/0
   673 | D:1      | Reached skill level 1 in Fighting
  1071 | D:1      | Reached XP level 3. HP: 22/27 MP: 0/0
  1071 | D:1      | Learned a level 1 spell: Animate Skeleton
  1334 | D:2      | Noticed a black bear
  1342 | D:2      | Killed a black bear
  1343 | D:2      | Reached skill level 4 in Spellcasting
  1343 | D:2      | Reached XP level 4. HP: 6/33 MP: 0/0
  1343 | D:2      | Reached XP level 5. HP: 7/38 MP: 0/0
  1343 | D:2      | Learned a level 2 spell: Ensorcelled Hibernation
  1686 | D:2      | Found a bloodstained altar of Trog.
  3219 | D:3      | Found a faded altar of an unknown god.
  3559 | D:3      | Killed from afar by an orc wizard

Illustrated notes

Levels and vault maps discovered:
D:1:      dpeg_arrival_round_a, layout_rooms
D:2:      layout_loops_ring, basic_altar, corexii_corridor_pit
D:3:      layout_rooms, fiery_altar_vehumet,
          hellmonk_ecumenical_altar_pennies_from_heaven
D:4:      mumra_celtic_spiral_tile, layout_layer_cave,
          nicolae_overflow_crystal_walls, grunt_ministairs_2, uniq_pikel,
          uniq_crazy_yiuf_cottage

Skill      XL: |  1  2  3 |
---------------+----------+-----
Spellcasting   | 3 4 |  4.7
Fighting       | 1 2 |  2.9
Dodging        | |  2.1
Stealth        | |  1.5

Action                   |  1- 3 |  4- 6 || total
-------------------------+-------+-------++-------
Melee: Unarmed           |     4 |       ||     4
       Hand axe          |     2 |       ||     2
       Staff             |       |     3 ||     3
 Cast: Foxfire           |    58 |   106 ||   164
       Sticky Flame      |       |     1 ||     1
Armor: Robe              |     2 |     4 ||     6
Dodge: Dodged            |     5 |    12 ||    17

Table legend: (Time is in decaauts)
 A = Elapsed time spent in this place.
 B = Non-inter-level travel time spent in this place.
 C = Inter-level travel time spent in this place.
 D = Time resting spent in this place.
 E = Time spent auto-exploring this place.
 F = Levels seen in this place.
 G = Mean time per level.
                   A        B        C        D        E       F      G
               +--------+--------+--------+--------+--------+-----+--------+
         Total |   3558 |   3444 |    114 |    258 |   2825 |   4 |  889.5 |
       Dungeon |   3558 |   3444 |    114 |    258 |   2825 |   4 |  889.5 |
               +--------+--------+--------+--------+--------+-----+--------+

Top non-repeatable levels by time:
     D:1: 1333 daAuts
     D:2: 1245 daAuts
     D:3: 912 daAuts
     D:4: 67 daAuts
